 Dungeon Crawl Stone Soup version 0.31-a0-1074-g0b22e4e0f1 (webtiles) character file.

Game seed: 1242325440720439690

1152 Firecrotchwizard the Carver (level 8, -1/51 HPs)
             Began as a Tengu Berserker on Nov 26, 2023.
             Was an Elder of Trog.
             Slain by a sleepcap (17 damage)
             ... on level 6 of the Dungeon.
             The game lasted 00:09:43 (4708 turns).

Firecrotchwizard the Carver (Tengu Berserker)       Turns: 4708, Time: 00:09:43

Health: -1/51      AC: -1    Str: 17    XL:     8   Next: 38%
Magic:  9/9        EV:  2    Int:  8    God:    Trog [****..]
Gold:   301        SH:  0    Dex: 16    Spells: 7/7 levels left

rFire   + . .        s - +1 dagger (venom)
rCold   . . .        (no shield)
rNeg    . . .        t - +2 leather armour {rF+}
rPois   .            (helmet restricted)
rElec   .            k - +0 cloak
rCorr   .            (no gloves)
SInv    .            (boots unavailable)
Will    .....        n - amulet of reflection
Stlth   +            (no ring)
HPRegen 0.28/turn    (no ring)
MPRegen 0.11/turn

%: reflection, acrobat
@: sleeping, corroded, flying, studying Dodging
A: beak, talons 3, evasive flight, acrobatic
a: Renounce Religion, Berserk, Trog's Hand, Brothers in Arms


You were on level 6 of the Dungeon.
You worshipped Trog.
Trog was greatly pleased with you.
You visited 1 branch of the dungeon, and saw 6 of its levels.

You collected 301 gold pieces.

Inventory:

Hand Weapons
 f - a +0 great sword
 r - a +0 long sword
 s - a +1 dagger of venom (weapon)
Missiles
 a - 6 silver javelins
 u - a throwing net {@!f}
Armour
 b - a +0 animal skin
 c - a +0 scale mail
 k - a +0 cloak (worn)
 t - a +2 leather armour of fire resistance (worn)
Jewellery
 n - an amulet of reflection (around neck)
Wands
 p - a wand of iceblast (13)
Scrolls
 i - 2 scrolls of identify
 o - a scroll of revelation
Potions
 d - a potion of cancellation {unknown}
 e - a potion of haste {unknown}
 g - a potion of heal wounds {unknown}
 j - a potion of attraction {unknown}
 l - 4 potions of lignification
 m - a potion of mutation {unknown}
 w - a potion of enlightenment {unknown}
 x - a potion of brilliance {unknown}
 z - 2 potions of curing


   Skills:
 + Level 6.3 Fighting
 * Level 9.2 Long Blades
 - Level 2.1 Armour
 + Level 3.2 Dodging


You had 7 spell levels left.
You didn't know any spells.
Your spell library was empty.

Dungeon Overview and Level Annotations

Branches:
Dungeon (6/15)             Temple (0/1) D:5

Altars:
Cheibriados
Elyvilon
Fedhas
Sif Muna
Wu Jian


Innate Abilities, Weirdness & Mutations

You have a beak for a mouth.
You have claws for feet.
Your magical flight helps you evade attacks. (EV +4)
You can magically evade attacks while moving or waiting.


Message History

You claw the howler monkey!
You kill the howler monkey!
Trog accepts your kill.
No target in view!
A sky beast comes into view.
The sky beast moves out of view.
Found a clear potion.
The sky beast flickers out of sight!
Deactivating autopickup; reactivate with Ctrl-A.
The iguana completely misses you.
You hit the iguana.
The iguana is poisoned.
The iguana is lightly wounded.
The iguana misses you.
You hit the iguana but do no damage.
The iguana looks as sick as possible!
You claw the iguana, but do no damage.
The iguana is moderately wounded.
You hit the iguana.
The iguana looks as sick as possible!
You claw the iguana.
The iguana is heavily wounded.
Something hits you. Something shocks you. The iguana barely misses you.
You hit the iguana but do no damage.
The iguana looks as sick as possible!
You claw the iguana, but do no damage.
The iguana is heavily wounded.
The iguana bites you!
A sky beast appears from thin air!
Reactivating autopickup.
The sky beast hits you but does no damage.
You hit the iguana but do no damage.
The iguana looks as sick as possible!
The iguana is severely wounded.
You kill the iguana!
Trog accepts your kill. The sky beast barely misses you.
Your Long Blades skill increases to level 9!
You hit the sky beast.
The sky beast is poisoned.
You claw the sky beast.
The sky beast is moderately wounded.
You hit the sky beast but do no damage.
The sky beast looks as sick as possible!
You peck the sky beast.
The sky beast is moderately wounded.
The sky beast misses you.
You hit the sky beast.
The sky beast looks as sick as possible!
Your kick misses the sky beast. Your peck misses the sky beast.
The sky beast is severely wounded.
The sky beast flickers out of sight!
Deactivating autopickup; reactivate with Ctrl-A.
Something hits you. Something shocks you.
You closely miss something. Your kick misses something.
Something barely misses you.
You hit something. You peck something. You closely miss something.
Trog accepts your kill.
Reactivating autopickup.
You feel a bit more experienced.
Your Dodging skill increases to level 3!
A hound comes into view.
e - a clear potion You start resting.
HP restored.
A jelly comes into view.
The jelly quivers.
A sleepcap comes into view.
You hit the jelly but do no damage. The acid corrodes you!
Your hands burn!
You peck the jelly, but do no damage. You block the jelly's attack.
You hit the jelly but do no damage.
The jelly is poisoned.
Your hands burn!
You claw the jelly. You peck the jelly, but do no damage.
The jelly is lightly wounded.
You hit the jelly but do no damage.
The jelly looks as sick as possible!
Your hands burn!
You claw the jelly, but do no damage.
The jelly is lightly wounded.
The jelly hits you. The acid corrodes you!
You are splashed with acid!
You hit the jelly but do no damage.
Your hands burn!
You claw the jelly! You peck the jelly, but do no damage.
The jelly is heavily wounded.
You block the jelly's attack.
You hit the jelly but do no damage.
Your hands burn!
You claw the jelly, but do no damage.
The jelly is severely wounded.
You block the jelly's attack.
You hit the jelly but do no damage.
Your hands burn!
* * * LOW HITPOINT WARNING * * *
You peck the jelly.
The jelly is almost dead.
You are too injured to fight recklessly!
You are too injured to fight recklessly!
You are too injured to fight recklessly!
You are too injured to fight recklessly!
You hit the jelly but do no damage.
Your hands burn!
* * * LOW HITPOINT WARNING * * *
You claw the jelly, but do no damage. You peck the jelly.
You kill the jelly!
Trog accepts your kill.
You hit the sleepcap but do no damage. You claw the sleepcap.
The sleepcap is lightly damaged.
The sleepcap releases spores at you.
* * * LOW HITPOINT WARNING * * *
You are engulfed in a cloud of soporific spores!
You fall asleep.
The sleepcap releases spores at you!
You die...

###)####...h**#.#**,,,,,,,,,* #.#
#.#.#* #.# *,,,,,,,,,* #.# #.#.#
#.# *,,,,,,,,,** #.####.#.## #.#
*,,,,,,,,,,*
#......†..###.##*,,,,,,,,*,**
#.##............,,,,,,,,,,*,**
###.##.##...###.#**,,,,,,,,***,**
....##.###....#.##*,,,,,,,** **,,
#......# ####..#@#*,*,*,**,***,**
..###### #...###f......***,*,**
### #.#..*,##.#...* **,** #
#.#.#.,,,,..,,* *,* #
#,#....,,,*..#* *,* #
*,#..*##,,*,.#****,* # *,#..*
*,,,,<.,,,,,* #
*,##.#**,,,,,,****** *
*,**,,,,,**,,,*


You could see a sleepcap.

Vanquished Creatures
  Eustachio (D:4)
  A sky beast (D:6)
  4 necrophages (D:4)
  A scorpion (D:5)
  A howler monkey (D:6)
  A jelly (D:6)
  A hound (D:5)
  2 orc priests (D:5)
  3 iguanas
  Ijyb (D:3)
  A scorpion zombie (D:4)
  Robin (D:4)
  A howler monkey zombie (D:4)
  8 adders
  12 gnolls
  An adder zombie (D:4)
  4 worms
  2 dart slugs
  8 orcs
  5 ball pythons
  6 bats
  4 endoplasms
  5 giant cockroaches
  14 goblins
  5 hobgoblins
  8 jackals
  4 quokkas
  4 frilled lizards
  13 kobolds
  9 rats
131 creatures vanquished.

Vanquished Creatures (others)
  A quokka (D:4)
1 creature vanquished.

Grand Total: 132 creatures vanquished

Notes
Turn   | Place    | Note
-------+----------+-------------------------------------------
     0 | D:1      | Firecrotchwizard the Tengu Berserker began the quest for
                  | the Orb.
     0 | D:1      | Reached XP level 1. HP: 14/14 MP: 2/2
   225 | D:1      | Reached XP level 2. HP: 19/19 MP: 3/3
   317 | D:1      | You fall into a shaft and drop 1 floor!
   375 | D:2      | Reached skill level 4 in Long Blades
   375 | D:2      | Reached XP level 3. HP: 21/23 MP: 4/4
   569 | D:2      | Reached XP level 4. HP: 22/29 MP: 5/5
   573 | D:2      | Reached ** piety under Trog
   740 | D:1      | Found a faded altar of an unknown god.
   744 | D:1      | Reached skill level 5 in Long Blades
  1440 | D:2      | Found an ornate altar of the Wu Jian Council.
  1790 | D:3      | Reached XP level 5. HP: 18/33 MP: 6/6
  2048 | D:3      | Noticed Ijyb
  2071 | D:3      | Killed Ijyb
  2137 | D:3      | Found a snail-covered altar of Cheibriados.
  2650 | D:4      | Reached skill level 6 in Long Blades
  2694 | D:4      | Found a white marble altar of Elyvilon.
  2697 | D:4      | Noticed Eustachio
  2737 | D:4      | Killed Eustachio
  2737 | D:4      | Reached *** piety under Trog
  2738 | D:4      | Reached XP level 6. HP: 20/40 MP: 7/7
  3013 | D:4      | Reached skill level 7 in Long Blades
  3033 | D:4      | Reached skill level 5 in Fighting
  3034 | D:4      | Noticed Robin
  3044 | D:4      | Killed Robin
  3045 | D:4      | Gained mutation: Your magical flight helps you evade
                  | attacks. (EV +4) [Tengu growth]
  3045 | D:4      | Reached XP level 7. HP: 40/44 MP: 8/8
  3102 | D:4      | Found a shimmering blue altar of Sif Muna.
  3286 | D:4      | Found a blossoming altar of Fedhas.
  3378 | D:4      | Reached skill level 8 in Long Blades
  3601 | D:5      | Entered Level 5 of the Dungeon
  3832 | D:5      | Reached XP level 8. HP: 46/51 MP: 9/9
  3878 | D:5      | Reached **** piety under Trog
  4132 | D:5      | Found a staircase to the Ecumenical Temple.
  4462 | D:6      | Identified a scroll of acquirement
  4462 | D:6      | Acquired a manual of Dodging
  4613 | D:6      | Reached skill level 9 in Long Blades
  4708 | D:6      | Slain by a sleepcap

Illustrated notes

Levels and vault maps discovered:
D:1:      dpeg_arrival_leaves_temple_mockup, layout_loops_ring,
          hellmonk_ecumenical_altar_arch_garden, serial_bayou_pond_d,
          chequers_serial_rivers_large_b, minmay_misc_feat_secret_circle
D:2:      layout_basic, basic_altar, feat_on_display
D:3:      layout_basic, cheibriados_altar_1, grunt_ministairs_4,
          nicolae_kite_square_tiling_tiny, serial_bayou_pond_d,
          minmay_fractal_squares_gapless_5, uniq_ijyb
D:4:      layout_basic, mainiacjoe_overflow_cross_hatched, elyvilon_altar_4,
          fedhas_altar_decomposition, serial_bayou, serial_bayou_pond_d,
          serial_bayou_pond_c, serial_bayou_crossing, serial_bayou_shore_a,
          uniq_eustachio, uniq_robin
D:5:      layout_cave_pools, minmay_temple_entry_crystal_x,
          chequers_serial_rivers_micro_a, corexii_shack
D:6:      layout_loops_ring, okawaru_metal_pillars_1_2

Skill      XL: |  1  2  3  4  5  6  7  8 |
---------------+-------------------------+-----
Long Blades    | 4 5 6 7 8 9 |  9.2
Fighting       | 4 5 6 |  6.3
Dodging        | 3 |  3.2
Armour         | |  2.1

Action                     |  1- 3 |  4- 6 |  7- 9 || total
---------------------------+-------+-------+-------++-------
  Melee: Falchion          |    78 |    90 |       ||   168
         Kick              |    14 |    50 |    73 ||   137
         Peck              |     7 |    39 |    46 ||    92
         Punch             |       |     1 |     2 ||     3
         Dagger            |       |    93 |   168 ||   261
 Invoke: Berserk           |       |     1 |     1 ||     2
    Use: Scroll            |       |       |     8 ||     8
   Stab: Sleeping          |       |       |     1 ||     1
 Armour: Scale mail        |    63 |    71 |       ||   134
         Leather armour    |       |    24 |    45 ||    69
  Dodge: Dodged            |    80 |    84 |    77 ||   241
  Block: Other             |       |    25 |    26 ||    51
         Reflection        |       |     1 |       ||     1

Table legend: (Time is in decaauts)
 A = Elapsed time spent in this place.
 B = Non-inter-level travel time spent in this place.
 C = Inter-level travel time spent in this place.
 D = Time resting spent in this place.
 E = Time spent auto-exploring this place.
 F = Levels seen in this place.
 G = Mean time per level.
                   A        B        C        D        E       F      G
               +--------+--------+--------+--------+--------+-----+--------+
         Total |   4733 |   4600 |    133 |    642 |   3077 |   6 |  788.8 |
       Dungeon |   4733 |   4600 |    133 |    642 |   3077 |   6 |  788.8 |
               +--------+--------+--------+--------+--------+-----+--------+

Top non-repeatable levels by time:
     D:4: 1209 daAuts
     D:1: 978 daAuts
     D:2: 826 daAuts
     D:3: 816 daAuts
     D:5: 655 daAuts
     D:6: 247 daAuts
